 Dungeon Crawl Stone Soup version 0.27.1 (webtiles) character file.

Game seed: 4534120303495121537

2429 mainiacjoe the Caller (level 9, -2/57 HPs)
             Began as a Merfolk Summoner on Sept 4, 2021.
             Was a Follower of Makhleb.
             Slain by Erica (4 damage)
             ... on level 8 of the Dungeon.
             The game lasted 00:24:12 (10467 turns).

mainiacjoe the Caller (Merfolk Summoner)           Turns: 10467, Time: 00:24:13

Health: -2/57      AC:  8    Str:  8    XL:     9   Next: 48%
Magic:  15/24      EV: 13    Int: 19    God:    Makhleb [*.....]
Gold:   310        SH:  0    Dex: 15    Spells: 1/16 levels left

rFire    . . .     SeeInvis .   a - +11 quarterstaff "Dragonslayer" {venom, Will+ MP+9 Int+2}
rCold    . . .     Faith    .   (shield currently unavailable)
rNeg     . . .     Spirit   .   I - +0 acid dragon scales
rPois    +         Reflect  .   o - +0 helmet
rElec    .         Harm     .   (no cloak)
rCorr    +         Rampage  .   N - +0 pair of gloves
Will     ++...                  (no boots)
Stlth    +++.......             (no amulet)
HPRegen  0.19/turn              v - ring of poison resistance
MPRegen  0.19/turn              H - ring of willpower

@: very slightly contaminated
A: (nimble swimmer 2), mertail
a: Renounce Religion


You were on level 8 of the Dungeon.
You worshipped Makhleb.
Makhleb was aware of your devotion.
You visited 1 branch of the dungeon, and saw 8 of its levels.

You collected 310 gold pieces.

Inventory:

Hand Weapons
 a - the +11 quarterstaff "Dragonslayer" (weapon) {venom, Will+ MP+9 Int+2}
   (You found it on level 6 of the Dungeon)

   It poisons the flesh of those it strikes.
   Int:       It affects your intelligence (+2).
   MP:        It affects your magic capacity (+9).
   Will:      It increases your willpower.
 b - a +0 shortbow
 d - a +0 dagger
 l - a +0 hand axe
 p - a +0 scythe
 E - a +0 war axe
Missiles
 c - 113 arrows
 e - 231 stones
 f - 45 sling bullets
 i - 4 javelins
 s - 52 bolts
 u - 3 boomerangs
 M - 31 poisoned darts (quivered)
Armour
 o - a +0 helmet (worn)
 D - a +1 robe of willpower
 I - +0 acid dragon scales (worn)
 N - a +0 pair of gloves (worn)
Jewellery
 v - a ring of poison resistance (left hand)
 H - a ring of willpower (right hand)
Wands
 k - a wand of digging (13)
 x - a wand of polymorph (6)
 K - a wand of charming (7)
 Q - a wand of acid (6)
Scrolls
 g - a scroll of immolation
 h - 3 scrolls of teleportation
 q - a scroll of fear
 w - a scroll of noise {unknown}
 y - a scroll of vulnerability {unknown}
 B - a scroll of blinking
 C - a scroll of torment {unknown}
 G - a scroll of magic mapping
 O - 2 scrolls of amnesia {unknown}
 P - a scroll of fog {unknown}
Potions
 j - 2 potions of magic
 m - 4 potions of curing
 n - 2 potions of might
 r - 2 potions of heal wounds
 t - 2 potions of berserk rage
 z - a potion of attraction
 A - a potion of flight
 F - a potion of haste
 J - a potion of brilliance
 L - a potion of lignification {unknown}


   Skills:
 + Level 0.0 Staves
 - Level 5.0 Dodging
 - Level 5.0 Stealth
 - Level 4.0 Spellcasting
 + Level 7.7 Summonings
 - Level 3.0 Translocations
 - Level 3.0 Air Magic
 - Level 7.0 Invocations


You had one spell level left.
You knew the following spells:

 Your Spells              Type           Power      Damage    Failure   Level
a - Summon Small Mammal   Summ           100%       N/A       1%          1
b - Call Imp              Summ           33%        N/A       1%          2
c - Call Canine Familiar  Summ           33%        N/A       3%          3
d - Summon Lightning Spi  Summ/Air       24%        N/A       26%         4
e - Summon Forest         Summ/Tloc      12%        N/A       58%         5

Your spell library contained the following spells:

 Spells                   Type           Power      Damage    Failure   Level
 Sandblast                Erth           6%         2d5       24%         1
 Summon Guardian Golem    Hex/Summ       18%        N/A       16%         3
 Swiftness                Air            15%        N/A       22%         3
 Passwall                 Tmut/Erth      2%         N/A       36%         2
 Inner Flame              Hex/Fire       3%         N/A       58%         3
 Cause Fear               Hex            1%         N/A       94%         4
 Fireball                 Conj/Fire      1%         3d3       100%        5
 Iskenderun's Battlesphe  Conj           3%         2d6       100%        5
 Lee's Rapid Deconstruct  Erth           1%         3d5*      100%        5
 Conjure Ball Lightning   Conj/Air       4%         3x3d6     100%        6
 Eringya's Noxious Bog    Tmut/Pois      1%         N/A       100%        6
 Invisibility             Hex            1%         N/A       100%        6
 Orb of Destruction       Conj           1%         N/A       100%        7
 Summon Hydra             Summ           16%        N/A       100%        7
 Discord                  Hex            1%         N/A       100%        8


Dungeon Overview and Level Annotations

Branches:
Dungeon (8/15)             Temple (0/1) D:7
   Lair: D:8-11

Altars:
Gozag
Hepliaklqana
Kikubaaqudgha
Makhleb

Annotations:
D:8 Erica


Innate Abilities, Weirdness & Mutations

((You are quick and stealthy near water. (Stealth+, EV+, Speed+++)))
Your lower body shifts to a powerful aquatic tail in water.


Message History

Confirm with . or Enter, or press ? or * to list all spells.
The spell is quite dangerous to cast (26% risk of failure)!
Continue anyway?
An electric hum fills the air.
Your lightning spire shoots out a bolt of lightning at Erica!
The bolt of electricity hits Erica!
Erica shouts!
Erica casts a spell.
Erica flickers and vanishes!
Deactivating autopickup; reactivate with Ctrl-A.
You hear some strange, mumbled words.
A bolt of poison appears from out of thin air!
The bolt of poison hits your lightning spire.
Your lightning spire completely resists.
The bolt of poison hits you. You resist.
Casting: Summon Lightning Spire (quite dangerous; 26% risk of failure)
Confirm with . or Enter, or press ? or * to list all spells.
You hear some strange, mumbled words.
A lance of force appears from out of thin air!
The lance of force hits your lightning spire!
Your lightning spire is destroyed!
Casting: Call Canine Familiar (dangerous; 3% risk of failure)
Confirm with . or Enter, or press ? or * to list all spells.
The spell is quite dangerous to cast (26% risk of failure)!
Continue anyway?
You miscast Summon Lightning Spire.
You are very lightly contaminated with residual magic.
Nothing appears to happen.
Something hits your hound! Something burns your hound!
Your hound dies!
Your hound's corpse disappears in a puff of smoke!
Something hits you! Something burns you.
You thump something! Something hits you. Something burns you.
You thump something! Something hits you! Something burns you.
Something hits you!
* * * LOW HITPOINT WARNING * * *
Something burns you.
* * * LOW HITPOINT WARNING * * *
You closely miss something. Something hits you!
* * * LOW HITPOINT WARNING * * *
Something burns you.
You die...

#..... ....# #..... ....# #.....
... ....# #..... .#.#. ##....#
###### ..... ......# .....
#.....######### #... #
#.{...##......#
#...######.####@######.####.####
.#...............................
....#............######.####.###.
#......#..#...#######.####.###.
....#<##.#..#...##.........#.....
.## #.##.#..#...##.####.##.#####.
#.#..#.#.##...##.# #..........
###.#.......#...##.# ####.######
.........#..#...##.# #.........


There were no monsters in sight!

Vanquished Creatures
  Prince Ribbit (D:6)
  A water moccasin (D:7)
  Duvessa (D:6)
  A necrophage (D:6)
  A black bear (D:5)
  2 centaurs
  4 bullfrogs
  Dowan (D:6)
  A howler monkey (D:8)
  2 centaur zombies (D:7)
  A bullfrog zombie (D:6)
  2 orc priests (D:7)
  A hound (D:7)
  3 iguanas
  Natasha (D:2)
  3 orc wizards
  2 gnolls (D:7)
  An adder (D:2)
  A white imp (D:6)
  14 orcs
  3 ball pythons
  7 giant cockroaches (D:3)
  5 goblins
  2 kobolds
  2 quokkas
  A bat (D:2)
  A frilled lizard (D:2)
  2 rats
67 creatures vanquished.

Vanquished Creatures (collateral kills)
  Maggie (D:6)
  A hornet (D:8)
  Sigmund (D:2)
  3 necrophages
  3 ogres
  A phantom (D:4)
  3 scorpions
  A howler monkey (D:4)
  A bullfrog zombie (D:5)
  An orc priest (D:4)
  A jelly (D:6)
  A centaur skeleton (D:6)
  Terence (D:2)
  An iguana (D:6)
  2 orc wizards
  The ghost of nxtlvl the Ducker, a weakling DEMo (D:3)
  A gnoll (D:7)
  3 adders
  2 white imps (D:5)
  An ufetubus (D:6)
  A worm (D:4)
  3 dart slugs
  7 orcs
  2 endoplasms
  3 giant cockroaches
  4 goblins
  6 hobgoblins
  A quokka (D:4)
  2 ball pythons (D:1)
  5 bats (D:1)
  A frilled lizard (D:3)
  3 kobolds
  3 rats
71 creatures vanquished.

Vanquished Creatures (others)
  An orc wizard (D:7)
1 creature vanquished.

Grand Total: 139 creatures vanquished

Notes
Turn   | Place    | Note
-------+----------+-------------------------------------------
     0 | D:1      | mainiacjoe the Merfolk Summoner began the quest for the
                  | Orb.
     0 | D:1      | Reached XP level 1. HP: 13/13 MP: 3/3
   169 | D:1      | Reached XP level 2. HP: 18/19 MP: 1/5
   175 | D:1      | Learned a level 2 spell: Call Imp
  1247 | D:2      | Noticed Terence
  1275 | D:2      | Killed Terence
  1276 | D:2      | Reached XP level 3. HP: 15/24 MP: 1/6
  1527 | D:2      | Learned a level 3 spell: Call Canine Familiar
  1833 | D:2      | Noticed Natasha
  1865 | D:2      | Killed Natasha
  1866 | D:2      | Reached skill level 5 in Summonings
  1866 | D:2      | Reached XP level 4. HP: 22/30 MP: 1/8
  2035 | D:2      | Noticed Sigmund
  2050 | D:2      | Killed Sigmund
  2051 | D:2      | Reached XP level 5. HP: 35/35 MP: 1/9
  3472 | D:3      | Found a large runed translucent door.
  3472 | D:3      | Found a large runed translucent door.
  3476 | D:3      | Noticed nxtlvl's ghost (weakling DEMo)
  3486 | D:3      | Killed nxtlvl's ghost
  3658 | D:3      | Reached XP level 6. HP: 40/41 MP: 6/10
  4099 | D:3      | Found a faded altar of an unknown god.
  4660 | D:4      | Learned a level 4 spell: Summon Lightning Spire
  4957 | D:4      | Noticed a necrophage
  4963 | D:4      | Killed a necrophage
  4964 | D:4      | Reached XP level 7. HP: 45/46 MP: 7/12
  5570 | D:4      | Found a burning altar of Makhleb.
  5931 | D:4      | Became a worshipper of Makhleb the Destroyer
  5977 | D:5      | Entered Level 5 of the Dungeon
  5989 | D:5      | Reached skill level 5 in Dodging
  6258 | D:5      | Reached skill level 1 in Invocations
  6521 | D:5      | Reached skill level 5 in Stealth
  6612 | D:5      | Reached skill level 1 in Air Magic
  6779 | D:5      | Reached XP level 8. HP: 52/52 MP: 9/14
  7080 | D:6      | Identified the +11 quarterstaff "Dragonslayer" {venom,
                  | Will+ MP+9 Int+2}
  7198 | D:6      | Noticed Prince Ribbit
  7222 | D:6      | Killed Prince Ribbit
  7520 | D:6      | Reached skill level 5 in Invocations
  7536 | D:6      | Learned a level 5 spell: Summon Forest
  7774 | D:6      | Noticed Maggie
  7796 | D:6      | Killed Maggie
  7797 | D:6      | Reached skill level 1 in Translocations
  8098 | D:6      | Noticed Dowan
  8099 | D:6      | Noticed Duvessa
  8119 | D:6      | Killed Dowan
  8122 | D:6      | Killed Duvessa
  8351 | D:7      | Found a staircase to the Ecumenical Temple.
  8367 | D:6      | Reached * piety under Makhleb
  8636 | D:6      | Reached XP level 9. HP: 46/57 MP: 15/15
  9029 | D:7      | Found an ancient bone altar of Kikubaaqudgha.
  9419 | D:7      | Identified the +1 robe of Minor Irritation {*Slow rPois
                  | Will++}
  9637 | D:7      | Found an opulent altar of Gozag.
  9912 | D:8      | Found a hazy altar of Hepliaklqana.
 10092 | D:8      | Noticed a hornet
 10099 | D:8      | Killed a hornet
 10453 | D:8      | Noticed Erica
 10467 | D:8      | HP: 2/57 [something (7)]
 10467 | D:8      | Slain by Erica

Illustrated notes

Levels and vault maps discovered:
D:1:      saegor_arrival_simple_e, layout_rooms
D:2:      layout_loops_ring, bh_walls_and_bars, uniq_sigmund, uniq_natasha,
          uniq_terence
D:3:      minmay_roachtagon, layout_basic, chequers_ecumenical_altar_grove,
          ebering_ghost_disaster_area, minmay_misc_feat_pillars
D:4:      layout_basic, mainiacjoe_overflow_brackets
D:5:      layout_rooms
D:6:      layout_loops_ring, uniq_maggie, uniq_prince_ribbit1, uniq_duvessa
D:7:      layout_gridville, mainiacjoe_overflow_alcove_2,
          nicolae_kikubaaqudgha_miasma_corner, minmay_temple_entry_trees
D:8:      layout_basic, led_sif_pool, nicolae_hepliaklqana_hazy_memory,
          lemuel_flamethrower_2, uniq_erica

Skill      XL: |  1  2  3  4  5  6  7  8  9 |
---------------+----------------------------+-----
Summonings     | 5 6 7 |  7.7
Spellcasting   | 3 4 |  4.0
Dodging        | 3 4 5 |  5.0
Stealth        | 4 5 |  5.0
Invocations    | 3 6 7 |  7.0
Air Magic      | 1 3 |  3.0
Translocations | 2 3 |  3.0

Action                   |  1- 3 |  4- 6 |  7- 9 || total
-------------------------+-------+-------+-------++-------
Melee: Unarmed           |     1 |       |       ||     1
       Dagger            |    31 |       |       ||    31
       War axe           |    13 |    61 |    33 ||   107
       Hand axe          |     2 |       |       ||     2
       Scythe            |       |    34 |       ||    34
       Quarterstaff      |       |       |    98 ||    98
 Fire: Shortbow          |       |       |     3 ||     3
Throw: Stone             |    28 |    38 |    11 ||    77
       Dart              |       |       |     8 ||     8
 Cast: Summon Small Mamm |    14 |       |     2 ||    16
       Call Imp          |    28 |    25 |    34 ||    87
       Call Canine Famil |       |     8 |    35 ||    43
       Summon Lightning  |       |       |     1 ||     1
Evoke: Wand              |       |       |     1 ||     1
  Use: Scroll            |     2 |       |    12 ||    14
       Potion            |       |     1 |       ||     1
 Stab: Sleeping          |     3 |     1 |     3 ||     7
       Distracted        |     1 |     1 |     1 ||     3
Armor: Robe              |    22 |    27 |     8 ||    57
       Acid dragon scale |       |       |    51 ||    51
Dodge: Dodged            |    51 |    86 |   143 ||   280
